 Dungeon Crawl Stone Soup version 0.30.1-3-gfc49f6343a (webtiles) character file.

Game seed: 11754193243435459662

2002 KyoPewz the Thrower (level 9, -1/133 HPs)
             Began as an Ogre Gladiator on July 30, 2023.
             Slain by a killer bee (3 damage)
             ... on level 6 of the Dungeon.
             The game lasted 00:20:41 (7297 turns).

KyoPewz the Thrower (Ogre Gladiator)                Turns: 7297, Time: 00:20:42

Health: -1/133     AC: 11    Str: 21 (24) XL:     9   Next: 22%
Magic:  9/9        EV: 10    Int:  7 (9)  God:
Gold:   333        SH:  0    Dex:  8 (10) Spells: 8/8 levels left

rFire   . . .        C - +2 flail (protect)
rCold   . . .        (no shield)
rNeg    . . .        b - +0 robe
rPois   .            c - +0 hat
rElec   .            s - +0 cloak
rCorr   .            (gloves unavailable)
SInv    .            (boots unavailable)
Will    .....        (no amulet) Stlth
                     (no ring)
HPRegen 0.42/turn    (no ring)
MPRegen 0.11/turn

%: no passive effects
@: berserking, lethally poisoned (-1 -> -8), under a protective aura, very quick
A: large, unfitting armour, tough skin 1
a: no special abilities


You were on level 6 of the Dungeon.
You visited 2 branches of the dungeon, and saw 8 of its levels.

You collected 333 gold pieces.

Inventory:

Hand Weapons
 a - a +0 giant club
 h - a +0 dire flail
 o - a +2 dagger of electrocution
 B - a +2 long sword of holy wrath
 C - a +2 flail of protection (weapon)
 F - a +1 giant spiked club
 G - a +0 morningstar
 K - a +2 dagger of venom
Missiles
 d - 2 throwing nets
 e - a boomerang
 g - 31 stones (quivered)
 m - 8 poisoned darts
Armour
 b - a +0 robe (worn)
 c - a +0 hat (worn)
 s - a +0 cloak (worn)
Wands
 w - a wand of roots (5)
 H - a wand of paralysis (11)
Scrolls
 f - 2 scrolls of enchant armour
 i - a scroll of summoning {unknown}
 k - 2 scrolls of immolation
 r - 2 scrolls of identify
 t - a scroll of poison
 u - a scroll of vulnerability {unknown}
 v - a scroll of teleportation {unknown}
 x - a scroll of blinking {unknown}
 y - a scroll of torment {unknown}
 D - a scroll of noise
 E - a scroll of magic mapping
 I - a scroll of amnesia {unknown}
 J - a scroll of acquirement {unknown}
Potions
 j - a potion of degeneration
 n - a potion of attraction {unknown}
 p - a potion of berserk rage
 z - a potion of haste {unknown}
 A - a potion of might {unknown}


   Skills:
 + Level 6.2 Fighting
 + Level 6.7 Maces & Flails
 * Level 8.9 Throwing
 - Level 2.6 Dodging


You had 8 spell levels left.
You didn't know any spells.
Your spell library was empty.

Dungeon Overview and Level Annotations

Branches:
Dungeon (7/15)             Temple (1/1) D:5

Altars:
Ashenzari
Cheibriados
Dithmenos
Elyvilon
Fedhas
Gozag
Hepliaklqana
Kikubaaqudgha
Makhleb
Okawaru
Qazlal
Ru
Sif Muna
Trog
Uskayaw
Vehumet
Wu Jian
Xom
Yredelemnul
Zin
The Shining One


Innate Abilities, Weirdness & Mutations

You are too large for most types of armour.
You have tough skin. (AC +1)


Message History

You are more poisoned.
The killer bee poisons you! The killer bee closely misses you.
The killer bee stings you but does no damage. x2
You regained 15 hp, and now have 29/89 hp.
It was a potion of berserk rage.
A red film seems to cover your vision as you go berserk!
You feel yourself moving faster!
You feel mighty!
You feel very sick. The killer bee stings you.
* * * LOW HITPOINT WARNING * * *
The killer bee stings you!
* * * LOW HITPOINT WARNING * * *
The killer bee closely misses you. x2
You now have 26/133 hp.
You closely miss the killer bee.
You feel very sick.
The killer bee closely misses you. x2; The killer bee stings you.
* * * LOW HITPOINT WARNING * * *
The killer bee stings you!
* * * LOW HITPOINT WARNING * * *
You take 13 damage, and have 13/133 hp.
You are too berserk!
You bludgeon the killer bee!!
Your weapon exudes an aura of protection.
You kill the killer bee!
* * * LOW HITPOINT WARNING * * *
You feel very sick. The killer bee closely misses you.
You take 3 damage, and have 10/133 hp.
You barely miss the killer bee.
* * * LOW HITPOINT WARNING * * *
You feel very sick. The killer bee closely misses you.
The killer bee stings you.
* * * LOW HITPOINT WARNING * * *
You take 7 damage, and have 3/133 hp.
You sock the killer bee!
The killer bee is heavily wounded.
* * * LOW HITPOINT WARNING * * *
You feel sick. The killer bee stings you.
You die...

...........###
#.#.......#
.........○○..###
#.#.#######
.........°.○...#####.#.#
....#######○☼...☼§##.#.#
....# #°○###§°##.#.#
####### #☼.○°#○.##.#.#
......# #.#§○☼..##.#.#
#####.# #.#°°y§###.#.#
#.# #.#○..@# #.#.# #.#
#.###### #.#.# #.# #.#
#.#.# #.# #.########.#.#
#.# #..........#.# #.#
############.# #.# #.#
#####.# #.# ..<...# #.#


You could see a killer bee.

Vanquished Creatures
  Grinder (D:6)
  Edmund (D:6)
  A sky beast (D:6)
  An orc warrior (D:5)
  2 ice beasts
  2 ogres
  A phantom (D:4)
  A kobold brigand (D:7)
  Blork the orc (D:6)
  3 scorpions
  3 killer bees
  2 orc priests (D:5)
  3 jellies
  3 hounds
  3 iguanas
  A sleepcap (D:5)
  3 orc wizards
  Robin (D:2)
  4 gnolls (D:7)
  5 adders
  A shadow imp (D:5)
  3 worms
  3 dart slugs
  9 orcs
  6 ball pythons
  9 endoplasms
  A giant cockroach (D:1)
  14 goblins
  11 hobgoblins
  10 jackals
  7 kobolds
  6 quokkas
  6 bats
  2 frilled lizards (D:3)
  5 rats
135 creatures vanquished.

Vanquished Creatures (others)
  A wizard (D:5)
1 creature vanquished.

Grand Total: 136 creatures vanquished

Notes
Turn   | Place    | Note
-------+----------+-------------------------------------------
     0 | D:1      | KyoPewz the Ogre Gladiator began the quest for the Orb.
     0 | D:1      | Reached XP level 1. HP: 22/22 MP: 1/1
   123 | D:1      | Reached XP level 2. HP: 22/29 MP: 2/2
   667 | D:2      | Reached XP level 3. HP: 35/36 MP: 3/3
   868 | D:2      | Noticed Robin
   904 | D:2      | Reached skill level 3 in Throwing
  1028 | D:2      | Killed Robin
  1259 | D:2      | Reached XP level 4. HP: 36/44 MP: 4/4
  1614 | D:3      | Found a faded altar of an unknown god.
  2490 | D:4      | Noticed a phantom
  2494 | D:4      | Reached XP level 5. HP: 40/50 MP: 5/5
  2501 | D:4      | Killed a phantom
  2502 | D:4      | Reached skill level 4 in Throwing
  2621 | D:4      | Reached XP level 6. HP: 59/59 MP: 6/6
  2929 | D:3      | Reached skill level 5 in Maces & Flails
  2929 | D:3      | Reached skill level 5 in Throwing
  3544 | D:4      | Reached XP level 7. HP: 57/66 MP: 7/7
  3633 | D:5      | Entered Level 5 of the Dungeon
  3837 | D:5      | Found a staircase to the Ecumenical Temple.
  3849 | Temple   | Entered the Ecumenical Temple
  4039 | D:5      | HP: 3/66 [acid (10)]
  4045 | Temple   | HP: 1/66 [acid (6)]
  4370 | D:5      | Reached skill level 6 in Throwing
  4525 | D:5      | Noticed a +0 hand axe
  4526 | D:5      | Noticed a +0 hand axe
  4528 | D:5      | Found a hide-covered altar of Uskayaw.
  4639 | D:5      | Reached XP level 8. HP: 48/75 MP: 8/8
  4726 | D:5      | Found a bloodstained altar of Trog.
  4727 | D:5      | Noticed a wizard
  4733 | D:5      | Killed a wizard
  4911 | D:4      | HP: 3/75 [hound (3)]
  4911 | D:4      | HP: 1/75 [hound (2)]
  5163 | D:5      | Reached skill level 7 in Throwing
  5260 | D:5      | Found a stormy altar of Qazlal.
  5260 | D:5      | Found a faded altar of an unknown god.
  5266 | D:5      | Found a snail-covered altar of Cheibriados.
  5268 | D:5      | Found a sacrificial altar of Ru.
  5270 | D:5      | Found a radiant altar of Vehumet.
  5416 | D:6      | Noticed Edmund
  5435 | D:6      | Killed Edmund
  5797 | D:6      | Noticed Blork the orc
  5805 | D:6      | Killed Blork the orc
  5901 | D:6      | Reached skill level 5 in Fighting
  6066 | D:6      | Reached skill level 8 in Throwing
  6332 | D:6      | Noticed Grinder
  6350 | D:6      | Killed Grinder
  6518 | D:7      | Reached XP level 9. HP: 89/89 MP: 9/9
  6847 | D:6      | HP: 4/89 [killer bee (7)]
  7296 | D:6      | HP: 3/133 [killer bee (5)]
  7297 | D:6      | Slain by a killer bee

Illustrated notes

Levels and vault maps discovered:
D:1:      lightli_arrival_lavapool, layout_rooms
D:2:      layout_loops_ring, uniq_robin
D:3:      layout_loops_cross, dreamdust_ecumenical_altar_grove
D:4:      minmay_general_purpose_star, layout_loops_ring, serial_bayou_ford_a,
          grunt_ministairs_10
D:5:      layout_loops_ring, chequers_temple_overflow_minitemple,
          dancing_weapons_uskayaw, trog_wizard,
          minmay_temple_entry_proselytizer, guppyfry_early_orc_mine
D:6:      layout_basic, uniq_grinder, uniq_edmund, uniq_blork_the_orc
D:7:      layout_cave_pools, dreamdust_gnoll_farm
Temple:   bh_familiar_temple

Skill      XL: |  1  2  3  4  5  6  7  8  9 |
---------------+----------------------------+-----
Maces & Flails | 3 4 5 6 |  6.7
Throwing       | 3 4 5 6 8 |  8.9
Fighting       | 3 5 6 |  6.2
Dodging        | |  2.6

Action                     |  1- 3 |  4- 6 |  7- 9 || total
---------------------------+-------+-------+-------++-------
  Melee: Flail             |    31 |       |    95 ||   126
         Dagger            |    89 |   195 |    45 ||   329
         Punch             |     1 |     1 |     2 ||     4
         Dire flail        |       |       |    71 ||    71
  Throw: Large rock        |     1 |     5 |     5 ||    11
         Dart              |       |     5 |     2 ||     7
         Stone             |       |     4 |    36 ||    40
         Boomerang         |       |       |    12 ||    12
         Throwing net      |       |       |     2 ||     2
    Use: Scroll            |       |       |     8 ||     8
         Potion            |       |       |    12 ||    12
   Stab: Sleeping          |     1 |       |       ||     1
 Armour: Robe              |    48 |    55 |    99 ||   202
  Dodge: Dodged            |    64 |   101 |   166 ||   331
